 Dungeon Crawl Stone Soup version 0.31-a0-165-g3f4f80340b (webtiles) character file.

Game seed: 12780646485816910686

197 qw the Chopper (level 5, -1/33 HPs)
             Began as a Gargoyle Fighter on June 13, 2023.
             Slain by Grinder (6 damage)
             ... while paralysed by Grinder
             ... on level 4 of the Dungeon.
             The game lasted 00:01:07 (2252 turns).

qw the Chopper (Gargoyle Fighter)                   Turns: 2252, Time: 00:01:07

Health: -1/33      AC: 18    Str: 21    XL:     5   Next: 75%
Magic:  5/5        EV:  2    Int:  9    God:
Gold:   142        SH:  0    Dex:  9    Spells: 4/4 levels left

rFire   . . .        Y - +0 war axe (elec)
rCold   . . .        c - +0 buckler
rNeg    + . .        l - +4 chain mail
rPois   inf          (no helmet)
rElec   +            (no cloak)
rCorr   .            j - +0 pair of gloves
SInv    .            (no boots)
Will    .....        (no amulet) Stlth
                     f - +5 ring of evasion
HPRegen 0.25/turn    (no ring)
MPRegen 0.09/turn

%: no passive effects
@: paralysed
A: sickness immunity, AC +4, negative energy resistance 1, electricity
resistance, torment resistance 1, petrification resistance
a: no special abilities


You were on level 4 of the Dungeon.
You visited 1 branch of the dungeon, and saw 4 of its levels.

You collected 142 gold pieces.


Innate Abilities, Weirdness & Mutations

You are immune to sickness and miasma.
Your stone body is resilient. (AC +4)
You are immune to poison.
You resist negative energy. (rN+)
You are resistant to electric shocks. (rElec)
You are resistant to unholy torment.
You are immune to petrification.


   Skills:
 + Level 3.7 Fighting
 - Level 5.0 Axes
 - Level 3.2 Armour
 - Level 3.2 Shields


You had 4 spell levels left.
You didn't know any spells.
Your spell library was empty.

Inventory:

Hand Weapons
 e - a +0 mace
 Y - a +0 war axe of electrocution (weapon)
Armour
 c - a +0 buckler (worn)
 j - a +0 pair of gloves (worn)
 l - a +4 chain mail (worn)
Jewellery
 f - a +5 ring of evasion (left hand)
Scrolls
 a - a scroll of identify
Potions
 d - 2 potions of might
 i - 2 potions of curing
 k - a potion of attraction
 m - a potion of heal wounds {unknown}

Dungeon Overview and Level Annotations

Branches:
Dungeon (4/15)
 Temple: D:4-7

Altars:
Sif Muna

Annotations:
D:4 Grinder


Message History

You barely miss Grinder.
Grinder is heavily wounded.
You hit the gnoll. Lightning courses through the gnoll!
You kill the gnoll!
Grinder hits you but does no damage. The gnoll closely misses you.
Grinder says, "DUCK!"
Grinder blinks!
A gnoll comes into view. It is wielding a +0 flail.
The gnoll hits you from afar with a +0 spear.
2244 ||| Stepping ~*~*~tactically~*~*~ (hiding).
You see here a +0 flail.
The gnoll misses you.
A gnoll comes into view. It is wielding a +0 spear.
The gnoll shouts!
You barely miss the gnoll. The gnoll barely misses you.
The gnoll hits you with a +0 spear.
You hit the gnoll. Lightning courses through the gnoll!
The gnoll is almost dead.
The gnoll hits you but does no damage.
You closely miss the gnoll.
The gnoll is almost dead.
You hit Grinder but do no damage. The gnoll misses you.
Grinder barely misses you. The gnoll barely misses you.
The gnoll hits you from afar with a +0 spear.
Grinder blinks!
The gnoll barely misses you.
You hit the gnoll but do no damage. Lightning courses through the gnoll!
You kill the gnoll!
You barely miss the gnoll.
The gnoll hits you from afar with a +0 spear.
You closely miss the gnoll.
The gnoll hits you but does no damage. x2
You hit the gnoll but do no damage. The gnoll closely misses you.
Grinder gestures at you.
You suddenly lose the ability to move!
The gnoll completely misses you.
The gnoll hits you from afar with a +0 spear.
The gnoll hits you but does no damage. The gnoll hits you with a +0 flail!
The gnoll hits you but does no damage. Grinder hits you.
You die...

....... .......
./.... .#
.##.... g
....... . #..g.
.# #
.##....####.#.#.
......g@5.......
###.##)#<...#.#.
...#.#.##
#.............
..##.#....##.#.
.. #.#.$..# # .
#......#
####.### #.#


You could see Grinder and 2 gnolls.

Vanquished Creatures
  A bullfrog (D:3)
  Terence (D:2)
  4 adders
  2 gnolls (D:4)
  A worm (D:2)
  A dart slug (D:2)
  4 endoplasms
  3 giant cockroaches
  4 goblins
  6 hobgoblins
  3 jackals (D:3)
  4 kobolds
  2 quokkas (D:2)
  4 ball pythons
  4 bats
  5 frilled lizards
  3 rats
52 creatures vanquished.

Notes
Turn   | Place    | Note
-------+----------+-------------------------------------------
     0 | D:1      | qw the Gargoyle Fighter began the quest for the Orb.
     0 | D:1      | Reached XP level 1. HP: 14/14 MP: 1/1
     0 | D:1      | 0 ||| qw: Version: 0.2-a-29-gc1b59c4
     0 | D:1      | 0 ||| qw: Game counter: 4684
     0 | D:1      | 0 ||| qw: Always use a shield: true
     0 | D:1      | 0 ||| qw: God list: Okawaru
     0 | D:1      | 0 ||| qw: Allow faded altars: false
     0 | D:1      | 0 ||| qw: Do Orc after D:15 true
     0 | D:1      | 0 ||| qw: Do second Lair branch before Depths: true
     0 | D:1      | 0 ||| qw: Lair rune preference: random
     0 | D:1      | 0 ||| qw: Plans: Normal, Zot:1-4, Slime:5, God:TSO, Crypt,
                  | Tomb, Abyss, Pan, Hells, Win
     0 | D:1      | 0 ||| PLANNING D:1-11
    31 | D:1      | Reached skill level 2 in Axes
   328 | D:1      | Reached XP level 2. HP: 19/19 MP: 2/2
   691 | D:1      | 691 ||| UPGRADING to +0 pair of gloves.
   696 | D:1      | 696 ||| UPGRADING to +5 ring of evasion.
   697 | D:1      | 697 ||| READING 2 scrolls labelled JYTRIN UGAHODU.
   698 | D:1      | 698 ||| READING scroll labelled PAERIBL SUOS.
   702 | D:1      | 702 ||| READING scroll labelled ZIOGYA WAIWNEA.
   713 | D:1      | 713 ||| READING scroll labelled MOTESKIKACK.
   714 | D:1      | 714 ||| READING scroll labelled WUZ PEPSIVVUULI.
   735 | D:2      | 735 ||| Stepping ~*~*~tactically~*~*~ (stealth).
   748 | D:2      | Reached skill level 3 in Axes
   749 | D:2      | Reached XP level 3. HP: 23/23 MP: 3/3
   967 | D:2      | 967 ||| DROPPING +1 whip of venom.
  1002 | D:2      | Noticed Terence
  1010 | D:2      | Killed Terence
  1011 | D:2      | Reached XP level 4. HP: 28/28 MP: 4/4
  1106 | D:2      | Found a shimmering blue altar of Sif Muna.
  1146 | D:2      | Reached skill level 4 in Axes
  1380 | D:2      | 1380 ||| Stepping ~*~*~tactically~*~*~ (hiding).
  1387 | D:2      | 1387 ||| Stepping ~*~*~tactically~*~*~ (stealth).
  1694 | D:2      | 1694 ||| UPGRADING to +0 chain mail.
  1704 | D:2      | 1704 ||| DROPPING +0 scale mail.
  1705 | D:2      | 1705 ||| READING scroll labelled TICZUA XELL.
  1706 | D:2      | 1706 ||| DRINKING 2 fizzy golden potions.
  1707 | D:2      | 1707 ||| READING 2 scrolls of identify.
  1707 | D:2      | 1707 ||| IDENTIFYING fuming amethyst potion
  1708 | D:2      | 1708 ||| DROPPING potion of ambrosia.
  1792 | D:3      | 1792 ||| Stepping ~*~*~tactically~*~*~ (stealth).
  1794 | D:3      | 1794 ||| Stepping ~*~*~tactically~*~*~ (stealth).
  1797 | D:3      | 1797 ||| Stepping ~*~*~tactically~*~*~ (stealth).
  1885 | D:3      | Noticed a bullfrog
  1896 | D:3      | Killed a bullfrog
  1897 | D:3      | Reached skill level 5 in Axes
  1897 | D:3      | Reached XP level 5. HP: 25/32 MP: 5/5
  1978 | D:3      | Found a shimmering blue altar of Sif Muna.
  1985 | D:3      | 1985 ||| Stepping ~*~*~tactically~*~*~ (stealth).
  2188 | D:3      | 2188 ||| UPGRADING to +4 chain mail.
  2198 | D:3      | 2198 ||| DROPPING +0 chain mail.
  2199 | D:3      | 2199 ||| READING scroll labelled WICEAS VIHUIN.
  2200 | D:3      | 2200 ||| READING scroll labelled VAHUIW HEARAMU.
  2201 | D:3      | 2201 ||| READING scroll labelled IKYWYX HIMIV.
  2202 | D:3      | 2202 ||| READING 2 scrolls of identify.
  2202 | D:3      | 2202 ||| IDENTIFYING fuming golden potion
  2229 | D:4      | Noticed Grinder
  2230 | D:4      | 2230 ||| Stepping ~*~*~tactically~*~*~ (hiding).
  2232 | D:4      | 2232 ||| Stepping ~*~*~tactically~*~*~ (stealth).
  2233 | D:4      | 2233 ||| Stepping ~*~*~tactically~*~*~ (hiding).
  2234 | D:4      | 2234 ||| Stepping ~*~*~tactically~*~*~ (stealth).
  2236 | D:4      | Paralysed by Grinder for 2 turns
  2244 | D:4      | 2244 ||| Stepping ~*~*~tactically~*~*~ (hiding).
  2251 | D:4      | Paralysed by Grinder for 5 turns
  2252 | D:4      | HP: 5/33 [gnoll/+0 flail (8)]
  2252 | D:4      | Slain by Grinder

Levels and vault maps discovered:
D:1:      tarquinn_simple_flora_water_f, layout_basic
D:2:      layout_loops_corners, basic_altar, uniq_terence
D:3:      layout_rooms, mainiacjoe_overflow_brackets
D:4:      layout_basic, marbit_many_paths, uniq_grinder

Skill      XL: |  1  2  3  4 |
---------------+-------------+-----
Axes           | 2 3 5 |  5.0
Fighting       | |  3.7
Armour         | |  3.2
Shields        | |  3.2

Action                     |  1- 3 |  4- 6 || total
---------------------------+-------+-------++-------
  Melee: War axe           |    69 |    95 ||   164
    Use: Scroll            |     5 |     6 ||    11
         Potion            |       |     1 ||     1
 Armour: Scale mail        |    40 |    21 ||    61
         Chain mail        |       |    25 ||    25
  Dodge: Dodged            |    37 |    59 ||    96
  Block: Buckler           |    16 |    15 ||    31

Table legend:
 A = Non-vault XP
 B = Vault XP
 C = Vault XP percentage of total XP
 D = Non-vault monster count
 E = Vault monster count
 F = Vault count percentage of total count
                 A         B        C        D         E       F
            +---------+---------+-------+---------+---------+-------
      Total |     246 |      36 |  12.8 |      51 |       1 |   1.9
            +---------+---------+-------+---------+---------+-------
        D:1 |      19 |       0 |   0.0 |      12 |       0 |   0.0
        D:2 |      65 |      36 |  35.6 |      21 |       1 |   4.5
        D:3 |     131 |       0 |   0.0 |      15 |       0 |   0.0
        D:4 |      31 |       0 |   0.0 |       3 |       0 |   0.0
            +---------+---------+-------+---------+---------+-------
